 Dungeon Crawl Stone Soup version 0.29-a0-477-g62b78b4225 (webtiles) character file.

Game seed: 1707222844833257035

53 Infinimo the Skirmisher (level 3, -4/39 HPs)
             Began as an Ogre Gladiator on May 25, 2022.
             Slain by Sigmund
             ... wielding a +0 scythe
              (7 damage)
             ... on level 2 of the Dungeon.
             The game lasted 00:00:54 (1545 turns).

Infinimo the Skirmisher (Ogre Gladiator)            Turns: 1545, Time: 00:00:54

Health: -4/39      AC:  3    Str: 19 (20) XL:     3   Next: 87%
Magic:  3/3        EV: 10    Int:  8 (9)  God:
Gold:   36         SH:  0    Dex:  9 (10) Spells: 2/2 levels left

rFire   + . .      SeeInvis .   a - +0 flail
rCold   + . .      Faith    .   (no shield)
rNeg    . . .      Spirit   .   b - +0 robe
rPois   +          Reflect  .   c - +0 hat
rElec   +          Harm     .   (no cloak)
rCorr   +          Rampage  .   (gloves unavailable)
Will    .....                   (boots unavailable)
Stlth   +.........              (no amulet)
HPRegen 0.13/turn               (no ring)
MPRegen 0.08/turn               (no ring)

@: confused, resistant
A: large, unfitting armour, tough skin 1
a: no special abilities


You were on level 2 of the Dungeon.
You visited 1 branch of the dungeon, and saw 2 of its levels.

You collected 36 gold pieces.

Inventory:

Hand Weapons
 a - a +0 flail (weapon)
Missiles
 d - 3 throwing nets (quivered)
 e - a large rock
Armour
 b - a +0 robe (worn)
 c - a +0 hat (worn)
Scrolls
 f - a scroll of enchant weapon {unknown}
 h - a scroll of torment {unknown}
 k - a scroll of silence {unknown}


   Skills:
 + Level 3.8 Fighting
 * Level 3.8 Maces & Flails
 - Level 2.0 Throwing
 - Level 2.6 Dodging


You had 2 spell levels left.
You didn't know any spells.
Your spell library was empty.

Dungeon Overview and Level Annotations

Branches:
Dungeon (2/15)

Altars:
Uskayaw

Annotations:
D:2 Sigmund


Innate Abilities, Weirdness & Mutations

You are too large for most types of armour.
You have tough skin. (AC +1)


Message History

Sigmund hits you with a +0 scythe! Sigmund hits you with a +0 scythe.
You sock Sigmund!
Sigmund is moderately wounded.
Sigmund hits you with a +0 scythe.
It was a potion of resistance.
You feel protected.
Unknown command.
It was a potion of degeneration.
There was something very wrong with that liquid.
You feel weakened.
You feel dopey.
You feel clumsy. Sigmund hits you with a +0 scythe.
It was a potion of curing.
You feel better.
Sigmund screams, "Die, monster!"
Sigmund hits you with a +0 scythe.
Sigmund is moderately wounded.
Sigmund is moderately wounded.
Sigmund hits you with a +0 scythe.
You are too injured to fight recklessly!
You are too injured to fight recklessly!
Sigmund is moderately wounded.
Sigmund barely misses you.
Sigmund is moderately wounded.
Sigmund screams, "Only death can liberate you!"
Sigmund hits you with a +0 scythe!
* * * LOW HITPOINT WARNING * * *
Sigmund is moderately wounded.
Sigmund closely misses you.
Sigmund is moderately wounded.
You hit Sigmund.
Sigmund is heavily wounded.
Sigmund gestures wildly while chanting.
Sigmund flickers and vanishes!
Deactivating autopickup; reactivate with Ctrl-A.
You hear some strange, mumbled words.
You are confused.
Something hits you.
* * * LOW HITPOINT WARNING * * *
Something hits you!
You die...

#....# # #.)... # #.....
# #..?. # #.... ########
#.... #.......
###...{##########.######
.........>..............
.#####.@....#####.#####.
#......# #.#.....
#......# #.#.####
#......# #.#.#...
#......## #.#.##.#
#.......# #.#.....
#.......# #.######
#.......# #.# #
##......# #.#


There were no monsters in sight!

Vanquished Creatures
  Natasha (D:2)
  An adder (D:2)
  2 bats (D:1)
  An endoplasm (D:2)
  A giant cockroach (D:2)
  2 goblins (D:1)
  2 hobgoblins (D:1)
  3 jackals (D:1)
  2 kobolds
  4 rats
19 creatures vanquished.

Notes
Turn   | Place    | Note
-------+----------+-------------------------------------------
     0 | D:1      | Infinimo the Ogre Gladiator began the quest for the Orb.
     0 | D:1      | Reached XP level 1. HP: 22/22 MP: 1/1
   511 | D:1      | Reached XP level 2. HP: 25/31 MP: 2/2
  1205 | D:2      | Reached XP level 3. HP: 34/37 MP: 3/3
  1245 | D:2      | Found a hide-covered altar of Uskayaw.
  1376 | D:2      | Noticed Natasha
  1380 | D:2      | Killed Natasha
  1525 | D:2      | Noticed Sigmund
  1545 | D:2      | Slain by Sigmund

Illustrated notes

Levels and vault maps discovered:
D:1:      heliophobic_arrival_dark_side_of_the_moon, layout_basic
D:2:      layout_basic, dreamdust_ecumenical_altar_sealed_demon, basic_altar,
          uniq_natasha, uniq_sigmund

Skill      XL: |  1 |
---------------+----+-----
Fighting       | 3 |  3.8
Maces & Flails | 3 |  3.8
Throwing       | |  2.0
Dodging        | |  2.6

Action                   || total
-------------------------++-------
Melee: Flail             ||    64
  Use: Potion            ||     3
Armor: Robe              ||    16
Dodge: Dodged            ||    38

Table legend: (Time is in decaauts)
 A = Elapsed time spent in this place.
 B = Non-inter-level travel time spent in this place.
 C = Inter-level travel time spent in this place.
 D = Time resting spent in this place.
 E = Time spent auto-exploring this place.
 F = Levels seen in this place.
 G = Mean time per level.
                   A        B        C        D        E       F      G
               +--------+--------+--------+--------+--------+-----+--------+
         Total |   1560 |   1556 |      4 |      0 |   1417 |   2 |  780.0 |
       Dungeon |   1560 |   1556 |      4 |      0 |   1417 |   2 |  780.0 |
               +--------+--------+--------+--------+--------+-----+--------+

Top non-repeatable levels by time:
     D:1: 1174 daAuts
     D:2: 385 daAuts
